 Dungeon Crawl Stone Soup version 0.28.0-45-g0d030f2227 (webtiles) character file.

Game seed: 15549821045798719768

61 sking99 the Skirmisher (level 3, 29/29 HPs)
             Began as a Demonspawn Fighter on Mar 28, 2022.
             Was a Follower of Kikubaaqudgha.
             Quit the game on level 3 of the Dungeon on May 15, 2022.
             The game lasted 00:03:21 (1787 turns).

sking99 the Skirmisher (Demonspawn Fighter)         Turns: 1787, Time: 00:03:22

Health: 29/29      AC:  7    Str: 18    XL:     3   Next: 83%
Magic:  3/3        EV: 13    Int:  9    God:    Kikubaaqudgha [*.....]
Gold:   120        SH:  5    Dex: 14    Spells: 1/2 levels left

rFire   . . .      SeeInvis .   a - +0 trident
rCold   . . .      Faith    .   c - +0 buckler
rNeg    . . .      Spirit   .   b - +0 scale mail
rPois   .          Reflect  .   (no helmet)
rElec   .          Harm     .   l - +0 cloak
rCorr   .          Rampage  .   (no gloves)
Will    .....                   (no boots)
Stlth   +.........              (no amulet)
HPRegen 0.09/turn               f - +4 ring of evasion
MPRegen 0.08/turn               (no ring)

@: no status effects
A: thin skeletal structure 1, weakness stinger 1
a: Renounce Religion, Receive Corpses


You were on level 3 of the Dungeon.
You worshipped Kikubaaqudgha.
Kikubaaqudgha was aware of your devotion.
You visited 1 branch of the dungeon, and saw 3 of its levels.

You collected 120 gold pieces.

Inventory:

Hand Weapons
 a - a +0 trident (weapon)
Armour
 b - a +0 scale mail (worn)
 c - a +0 buckler (worn)
 l - a +0 cloak (worn)
Jewellery
 f - a +4 ring of evasion (left hand)
 k - an amulet of magic regeneration
Scrolls
 e - 3 scrolls of identify {unknown}
 g - a scroll of immolation {unknown}
 i - a scroll of torment {unknown}
 m - 2 scrolls of teleportation {unknown}
 n - a scroll of enchant weapon {unknown}
Potions
 d - a potion of might
 h - 2 potions of berserk rage {unknown}
 j - 2 potions of curing {unknown}


   Skills:
 + Level 3.3 Fighting
 * Level 2.7 Polearms
 + Level 3.0 Armour
 + Level 3.1 Shields
 + Level 0.4 Necromancy


You had one spell level left.
You knew the following spells:

 Your Spells              Type           Power      Damage    Failure   Level
a - Animate Skeleton      Necr           0%         N/A       80%         1

Your spell library contained the following spells:

 Spells                   Type           Power      Damage    Failure   Level
 Pain                     Necr           0%         1d4       80%         1
 Freeze                   Ice            0%         1d3       86%         1
 Summon Small Mammal      Summ           0%         N/A       86%         1
 Call Canine Familiar     Summ           0%         N/A       99%         3
 Frozen Ramparts          Ice            0%         1d2       99%         3
 Summon Guardian Golem    Hex/Summ       0%         N/A       99%         3
 Vampiric Draining        Necr           0%         2d6       99%         3
 Hailstorm                Conj/Ice       0%         3d3       100%        4
 Agony                    Necr           0%         N/A       100%        5


Dungeon Overview and Level Annotations

Branches:
Dungeon (3/15)

Altars:
Kikubaaqudgha


Innate Abilities, Weirdness & Mutations

You have a somewhat thin skeletal structure. (Dex +2, Stealth+)
You have a small tail.


Message History

The hobgoblin closely misses you.
You puncture the hobgoblin!
You kill the hobgoblin!
Kikubaaqudgha accepts your kill.
No target in view!
Done exploring.
Done exploring.
Done exploring.
No target in view!
Done exploring.
There is a stone staircase leading down here.
You climb downwards.
Found a scroll labelled TEP ULOEPNUL.
There is a stone staircase leading up here.
You reach to attack!
You closely miss the rat. You barely miss the rat. The rat barely misses you.
You hit the rat but do no damage. The rat closely misses you.
You closely miss the rat. The rat closely misses you.
You puncture the rat!
You kill the rat!
Kikubaaqudgha accepts your kill.
No target in view!
Found a whip.
Found a crooked runed staff.
A kobold comes into view. It is wielding a +0 dagger.
Found 16 arrows.
A kobold is nearby!
You reach to attack!
You barely miss the kobold. You puncture the kobold!
You kill the kobold!
Kikubaaqudgha accepts your kill.
No target in view!
n - a scroll labelled TEP ULOEPNUL
Things that are here:
a +0 dagger; a kobold corpse
There is a stone staircase leading up here.
Welcome back, sking99 the Demonspawn Fighter.
Kikubaaqudgha says: Spread unending torment and darkness!
Press ? for a list of commands and other information.
Are you sure you want to abandon this character and quit the game? (Confirm with "yes".)

.. #### ## ...
#.... .. .... #....
##.# #..# #....##..
#..##.
#....#..##......
#......#@..####.
####.##...........
#....^............
##.............#...
#.......#.#....# ##
..#.......#.##.#
#...).....# .#
#......#....##....
.(...).#..#..#.#.##


There were no monsters in sight!

Vanquished Creatures
  An adder (D:2)
  A worm (D:2)
  3 dart slugs
  3 ball pythons
  8 bats
  3 endoplasms
  2 giant cockroaches (D:1)
  4 goblins (D:1)
  A hobgoblin (D:2)
  2 quokkas
  4 frilled lizards (D:1)
  4 kobolds
  8 rats
44 creatures vanquished.

Notes
Turn   | Place    | Note
-------+----------+-------------------------------------------
     0 | D:1      | sking99 the Demonspawn Fighter began the quest for the Orb.
     0 | D:1      | Reached XP level 1. HP: 18/18 MP: 1/1
   134 | D:1      | Gained mutation: You have a small tail. [demonic ancestry]
   134 | D:1      | Reached XP level 2. HP: 24/24 MP: 2/2
   374 | D:1      | Gained mutation: You have a somewhat thin skeletal
                  | structure. (Dex +2, Stealth+) [demonic ancestry]
   374 | D:1      | Reached XP level 3. HP: 29/29 MP: 3/3
  1095 | D:2      | Identified the +0 ring mail of Beauty {Rampage rC+ Str+6
                  | Dex-5}
  1263 | D:2      | Found a faded altar of an unknown god.
  1301 | D:2      | Prayed at the altar of an unknown god.
  1301 | D:2      | Became a worshipper of Kikubaaqudgha
  1301 | D:2      | Reached * piety under Kikubaaqudgha
  1301 | D:2      | Received a gift from Kikubaaqudgha
  1305 | D:2      | Learned a level 1 spell: Animate Skeleton
  1787 | D:3      | Upgraded the game from 0.28.0-43-g3370ac3207 to
                  | 0.28.0-45-g0d030f2227
  1787 | D:3      | Quit the game

Illustrated notes

Levels and vault maps discovered:
D:1:      saegor_arrival_under_anarchy, layout_basic, serial_bayou,
          serial_bayou_pond_b, serial_bayou_pond_b, serial_bayou_crossing,
          serial_bayou_pond_e
D:2:      layout_loops_ring, hellmonk_ecumenical_altar_run_dry,
          minmay_misc_feat_five
D:3:      layout_rooms

Skill      XL: |  1  2  3 |
---------------+----------+-----
Polearms       | 2 |  2.7
Armour         | 3 |  3.0
Shields        | 3 |  3.1
Fighting       | |  3.3
Necromancy     | |  0.4

Action                   || total
-------------------------++-------
Melee: Trident           ||   119
       Tailslap          ||     6
Armor: Scale mail        ||    34
Dodge: Dodged            ||    46
Block: Buckler           ||    21
